[Event "Titled Tuesday Blitz March 28 Early 2023"]
[White "Abrosimov, Vladimir"]
[Black "Jaskolka, Tomasz"]
[WhiteFideId "4166892"]
[BlackFideId "1170791"]
[WhiteElo "2336"]
[BlackElo "2155"]
[Result "0-1"]
[Round "03"]
[TimeControl "180+2"]
[Date "2023.03.28"]
[WhiteClock "0:00:13"]
[BlackClock "0:00:11"]

1. c4 c6 2. Nc3 d5 3. cxd5 cxd5 4. d4 Nc6 5. Nf3 Nf6 6. Bf4 Bf5 7. e3 e6 8. Bd3 Bxd3 9. Qxd3 Bd6 10. a3 Bxf4 11. exf4 O-O 12. Ne5 Qb6 13. Nxc6 bxc6 14. b4 a5 15. b5 cxb5 16. Nxb5 a4 17. O-O Rab8 18. Rab1 Rfc8 19. Nc3 Qa5 20. Ne2 Ne4 21. Ng3 Nd2 22. Rxb8 Rxb8 23. Rd1 Nc4 24. f5 exf5 25. Qxf5 g6 26. Qg5 Nxa3 27. Nf5 Qd8 28. Nh6+ Kg7 29. Nf5+ Kg8 30. Nh6+ Kf8 31. Qe5 f6 32. Qe6 Kg7 33. Ng4 Nc4 34. Re1 a3 35. h4 h5 36. Nxf6 Qxf6 37. Qxd5 Nd6 38. Qc5 Ra8 39. Ra1 Ne4 40. Qc2 Qf5 41. f3 Ng3 42. Qc3 Ne2+ 43. Kf2 Nxc3 44. Re1 Nd5 45. Re5 Qxe5 46. dxe5 a2 47. Kg3 a1=Q 48. f4 Ra2 49. f5 Rxg2+ 50. Kxg2 gxf5 51. Kg3 Qxe5+ 52. Kf3 Qe3+ 53. Kg2 Nf4+ 54. Kh2 Qh3+ 55. Kg1 Qg2# 0-1


[Site "https://www.chess.com"]

[Event "Titled Tuesday Blitz March 28 Early 2023"]
[White "Tifferet, Shaked"]
[Black "Zavortink, Matt"]
[WhiteFideId "2811529"]
[BlackFideId "2034263"]
[WhiteElo "2142"]
[BlackElo "2253"]
[Result "1-0"]
[Round "03"]
[TimeControl "180+2"]
[Date "2023.03.28"]
[WhiteClock "0:01:13"]
[BlackClock "0:01:02"]

1. h3 d5 2. c3 c6 3. d4 Bf5 4. Qb3 Qb6 5. Qxb6 axb6 6. a3 e6 7. Nd2 b5 8. Nb3 Bc2 9. Nc5 b6 10. Nd3 Nf6 11. Nf3 Bd6 12. Bf4 Bxf4 13. Nxf4 Nbd7 14. Rc1 Bg6 15. e3 O-O 16. Be2 Rfe8 17. O-O e5 18. Nxg6 hxg6 19. dxe5 Nxe5 20. Nxe5 Rxe5 21. Rfd1 Ne4 22. Bf3 Nc5 23. Rc2 Nb3 24. Re1 f5 25. Bd1 Rae8 26. Rce2 Nc5 27. Bc2 Kf7 28. Kf1 Kf6 29. f3 g5 30. g4 f4 31. exf4 gxf4 32. g5+ 1-0


[Site "https://www.chess.com"]

[Event "Titled Tuesday Blitz March 28 Early 2023"]
[White "Marchesich, Giovanni"]
[Black "Lukas2010"]
[WhiteFideId "2824790"]
[WhiteElo "2209"]
[BlackElo "2475"]
[Result "0-1"]
[Round "03"]
[TimeControl "180+2"]
[Date "2023.03.28"]
[WhiteClock "0:00:07"]
[BlackClock "0:00:03"]

1. d4 Nf6 2. Nf3 g6 3. Nc3 d5 4. Bf4 c6 5. Qd2 Bg7 6. Bh6 O-O 7. Bxg7 Kxg7 8. O-O-O b5 9. h4 b4 10. Nb1 Ne4 11. Qe3 h5 12. Nbd2 Nd6 13. Ne5 Nf5 14. Qd3 Qa5 15. Kb1 Ba6 16. Nb3 Qb6 17. Qd2 Bc4 18. e4 Nd6 19. exd5 cxd5 20. Be2 a5 21. Nc5 Ra7 22. Bxh5 a4 23. Qg5 Nf5 24. g4 Nh6 25. Bxg6 fxg6 26. h5 Qf6 27. f4 b3 28. cxb3 axb3 29. a3 Nf7 30. Qxg6+ Qxg6+ 31. Nxg6 Rc8 32. g5 Be2 33. Ne6+ Kh7 34. Ngf8+ Kg8 35. Rc1 Bd3+ 36. Ka1 Rxf8 37. Nxf8 Na6 38. Ne6 Nd6 39. Nc5 Nb4 40. Nxd3 Nxd3 41. Rc3 Nxf4 42. Rxb3 Ne6 43. g6 Kg7 44. h6+ Kxg6 45. h7 Ra8 46. h8=Q Rxh8 47. Rxh8 Nxd4 48. Rg3+ Kf5 49. Rf8+ Ke6 50. a4 Nc2+ 51. Kb1 Nb4 52. a5 Kd7 53. Rb3 Nc6 54. Rf1 Nc4 55. a6 Nd2+ 56. Kc2 Nxf1 57. Rb7+ Kd6 58. a7 Nxa7 59. Rxa7 Ne3+ 60. Kd3 Nc4 61. b3 Ne5+ 62. Kd4 Nc6+ 0-1


[Site "https://www.chess.com"]

[Event "Titled Tuesday Blitz March 28 Early 2023"]
[White "Urbina Perez, Juan Antonio"]
[Black "Qashashvili, Alexandre"]
[WhiteFideId "2217368"]
[BlackFideId "13600842"]
[WhiteElo "2197"]
[BlackElo "2405"]
[Result "1/2-1/2"]
[Round "03"]
[TimeControl "180+2"]
[Date "2023.03.28"]
[WhiteClock "0:00:19"]
[BlackClock "0:00:09"]

1. e4 c6 2. Nf3 d5 3. d3 dxe4 4. dxe4 Qxd1+ 5. Kxd1 Bg4 6. Be2 Nd7 7. Nfd2 Bxe2+ 8. Kxe2 O-O-O 9. f3 e5 10. c3 Bc5 11. Nb3 Bb6 12. a4 a6 13. N1d2 Ne7 14. Nc4 Bc7 15. Be3 f6 16. Rhd1 Rhe8 17. a5 Nf8 18. Bb6 Rxd1 19. Rxd1 Rd8 20. Rg1 Ne6 21. g3 Bxb6 22. Nxb6+ Kc7 23. h4 Nc8 24. Nc4 Nd6 25. Nb6 Nc8 26. Na4 h5 27. Nbc5 Nxc5 28. Nxc5 Re8 29. Rd1 Nd6 30. b3 Re7 31. Rd3 Nf7 32. Ke3 Nd8 33. f4 Ne6 34. Nxe6+ Rxe6 35. f5 Rd6 36. Rxd6 Kxd6 37. Kf3 Ke7 38. g4 Kf7 39. gxh5 Kg8 40. h6 gxh6 41. Ke3 Kf7 42. Kd3 Ke7 43. Kc4 Kd6 44. Kb4 c5+ 45. Kc4 h5 46. Kd3 Kc6 47. Kc4 Kd6 48. b4 cxb4 49. cxb4 Kc6 50. b5+ Kd6 51. Kb4 axb5 52. Kxb5 Kc7 53. Kc5 Kd7 54. Kb6 Kc8 55. Kb5 Kd7 56. Kb6 Kc8 57. Ka7 Kc7 58. Ka8 Kc8 59. Ka7 Kc7 60. Ka8 Kc8 61. Ka7 1/2-1/2


[Site "https://www.chess.com"]

[Event "Titled Tuesday Blitz March 28 Early 2023"]
[White "Kubatko, Ivan"]
[Black "Rodriguez Santiago, Jaime"]
[WhiteFideId "24111473"]
[BlackFideId "3100898"]
[WhiteElo "2285"]
[BlackElo "2025"]
[Result "1-0"]
[Round "03"]
[TimeControl "180+2"]
[Date "2023.03.28"]
[WhiteClock "0:00:12"]
[BlackClock "0:00:09"]

1. e4 c6 2. d4 d5 3. exd5 cxd5 4. c4 e6 5. Nc3 Nf6 6. Nf3 Nc6 7. cxd5 Nxd5 8. Bd3 Be7 9. O-O h6 10. Re1 O-O 11. a3 Nxc3 12. bxc3 b6 13. Qe2 f5 14. Bc4 Rf6 15. Bf4 Kh8 16. Rad1 Na5 17. Ba2 Bd6 18. Be5 Rf8 19. d5 Bxe5 20. Nxe5 Qf6 21. d6 Bb7 22. Qh5 Kh7 23. Nd7 Qxc3 24. Nxf8+ Rxf8 25. Bxe6 Qc5 26. d7 Nc6 27. Rd5 Qc3 28. Bxf5+ Kh8 29. Re8 Qc1+ 30. Rd1 1-0


[Site "https://www.chess.com"]

[Event "Titled Tuesday Blitz March 28 Early 2023"]
[White "Georg, Heinz"]
[Black "Bethke, Richard"]
[WhiteFideId "4607295"]
[BlackFideId "12959243"]
[WhiteElo "2240"]
[BlackElo "2369"]
[Result "0-1"]
[Round "03"]
[TimeControl "180+2"]
[Date "2023.03.28"]
[WhiteClock "0:00:09"]
[BlackClock "0:00:15"]

1. e4 c5 2. Nf3 d6 3. Bb5+ Bd7 4. Bxd7+ Qxd7 5. O-O Nf6 6. Re1 Nc6 7. c3 e6 8. d4 cxd4 9. cxd4 d5 10. e5 Ne4 11. Nbd2 Nxd2 12. Bxd2 Be7 13. Rc1 O-O 14. h4 Rfc8 15. a3 Qd8 16. g3 Qb6 17. Bc3 Na5 18. Qd3 Nc4 19. Rc2 Qb3 20. Rec1 Rc6 21. Ng5 Bxg5 22. hxg5 Rac8 23. Kg2 b5 24. Ra1 Nxb2 25. Rxb2 Qxc3 26. Qxc3 Rxc3 27. Rxb5 Kf8 28. a4 R3c4 29. a5 Rxd4 30. Rb7 Ra8 31. Rab1 Rc4 32. a6 Rc6 33. Rb8+ Rxb8 34. Rxb8+ Ke7 35. Rb7+ Ke8 36. Rxa7 h6 37. gxh6 gxh6 38. f4 Rc2+ 39. Kf3 Ra2 40. Kg4 d4 41. Kf3 Ra3+ 42. Ke4 Rxg3 43. Kxd4 Ra3 44. Ke4 h5 45. f5 Ra4+ 46. Kf3 exf5 47. Ra8+ Ke7 48. Rh8 h4 49. a7 Rxa7 50. Rxh4 Ke6 51. Rb4 Kxe5 52. Rb5+ Kf6 53. Rb6+ Kg5 54. Rb4 Ra3+ 55. Kg2 f4 56. Rb7 f6 57. Rg7+ Kf5 58. Rb7 Rd3 59. Rb8 Re3 60. Rb7 Ke4 61. Rb4+ Ke5 62. Rb5+ Ke4 63. Rb4+ Kf5 64. Rb5+ Kg4 65. Rb8 Re2+ 66. Kf1 Kf3 67. Rb3+ Re3 68. Rb6 Ra3 69. Kg1 Kg3 70. Rb1 f3 71. Kf1 Ra2 72. Kg1 f5 73. Rc1 Ra8 74. Rb1 f4 75. Rc1 Rh8 76. Rf1 f2+ 77. Rxf2 Rh1+ 78. Kxh1 Kxf2 79. Kh2 f3 0-1


[Site "https://www.chess.com"]

[Event "Titled Tuesday Blitz March 28 Early 2023"]
[White "Lesbekova, Assel"]
[Black "Khamdamova, Afruza"]
[WhiteFideId "13713248"]
[BlackFideId "14210444"]
[WhiteElo "1799"]
[BlackElo "2210"]
[Result "0-1"]
[Round "03"]
[TimeControl "180+2"]
[Date "2023.03.28"]
[WhiteClock "0:00:05"]
[BlackClock "0:00:11"]

1. e4 e5 2. Nf3 Nf6 3. Nc3 Nc6 4. d4 exd4 5. Nxd4 Bb4 6. Nxc6 bxc6 7. Qd4 Qe7 8. Bd3 c5 9. Qe3 d5 10. exd5 Nxd5 11. Bb5+ Bd7 12. Bxd7+ Kxd7 13. Qxe7+ Kxe7 14. Bd2 Bxc3 15. Bxc3 Nxc3 16. bxc3 Rab8 17. O-O-O Rhe8 18. Rd5 Kf8 19. Rhd1 Re2 20. R1d2 Rbe8 21. Rxc5 Re1+ 22. Kb2 Rb8+ 23. Ka3 Re6 24. Ra5 Rb7 25. Rd8+ Ke7 26. Ra8 Rc6 27. R8xa7 Rxc3+ 28. Ka4 Rb2 0-1


[Site "https://www.chess.com"]

[Event "Titled Tuesday Blitz March 28 Early 2023"]
[White "Shapiro, Viktor"]
[Black "rionelG"]
[WhiteFideId "4175700"]
[WhiteElo "2152"]
[BlackElo "2228"]
[Result "1-0"]
[Round "03"]
[TimeControl "180+2"]
[Date "2023.03.28"]
[WhiteClock "0:01:55"]
[BlackClock "0:01:06"]

1. c4 Nf6 2. Nc3 g6 3. Nf3 Bg7 4. d4 O-O 5. Bg5 d6 6. e3 h6 7. Bh4 c5 8. Be2 g5 9. Bg3 Nh5 10. Qc2 f5 11. dxc5 Nxg3 12. hxg3 dxc5 13. Rd1 Qe8 14. Nd5 Na6 15. a3 e6 16. Nc3 e5 17. Nd5 Be6 18. g4 fxg4 19. Nxg5 Bf5 20. Ne4 Kh8 21. Bd3 Qg6 22. Ne7 Qh7 23. Ng5 Bxd3 24. Rxd3 hxg5 25. Rxh7+ Kxh7 26. Rd6+ Kh8 27. Qg6 1-0


[Site "https://www.chess.com"]

[Event "Titled Tuesday Blitz March 28 Early 2023"]
[White "Kukula, Pawel"]
[Black "Aanna12"]
[WhiteFideId "1115081"]
[WhiteElo "2012"]
[BlackElo "2223"]
[Result "1-0"]
[Round "03"]
[TimeControl "180+2"]
[Date "2023.03.28"]
[WhiteClock "0:00:03"]
[BlackClock "0:00:02"]

1. c4 c5 2. Nc3 Nc6 3. Nf3 Nf6 4. d4 cxd4 5. Nxd4 e6 6. g3 Qb6 7. Nb3 Ne5 8. e4 Bb4 9. f3 d6 10. Be2 O-O 11. Qd4 Qxd4 12. Nxd4 Bxc3+ 13. bxc3 b6 14. Ba3 Rd8 15. Nb5 d5 16. cxd5 exd5 17. f4 Nc4 18. e5 Nxa3 19. Nxa3 Ne4 20. Rc1 Be6 21. Bf3 Rac8 22. Nb5 Rc4 23. Bxe4 Rxe4+ 24. Kd2 f6 25. Nd4 Bf7 26. exf6 gxf6 27. Rhe1 Rde8 28. Rxe4 dxe4 29. Ke3 Bd5 30. c4 Bb7 31. c5 bxc5 32. Rxc5 Re7 33. Rc3 Kf7 34. Nf5 Rd7 35. Nd4 Kg6 36. Rc5 Bd5 37. a4 f5 38. a5 a6 39. Rc3 Rb7 40. Rc5 Rd7 41. Rc8 Kf6 42. Rf8+ Rf7 43. Rb8 Kg7 44. Rb6 Rf6 45. Rxf6 Kxf6 46. Nc2 Be6 47. Kd4 Ke7 48. Ke5 Bc8 49. Ne3 1-0


[Site "https://www.chess.com"]

[Event "Titled Tuesday Blitz March 28 Early 2023"]
[White "Adury, Anant"]
[Black "Vafin, Ayrat"]
[WhiteFideId "30964687"]
[BlackFideId "4146530"]
[WhiteElo "2212"]
[BlackElo "2317"]
[Result "0-1"]
[Round "03"]
[TimeControl "180+2"]
[Date "2023.03.28"]
[WhiteClock "0:00:21"]
[BlackClock "0:00:51"]

1. Nf3 d5 2. c4 e6 3. d3 Nf6 4. b3 Be7 5. Bb2 O-O 6. Nbd2 c5 7. e4 dxe4 8. Nxe4 Nc6 9. Be2 b6 10. O-O Bb7 11. a3 Nd4 12. Nxd4 cxd4 13. Nxf6+ Bxf6 14. Bf3 Qc7 15. b4 e5 16. b5 Rfe8 17. Re1 g6 18. a4 Bg7 19. Bxb7 Qxb7 20. a5 Rad8 21. Qc2 Bf8 22. Ba3 Bxa3 23. Rxa3 Qc7 24. f3 Qc5 25. Rea1 f5 26. axb6 axb6 27. Ra7 e4 28. fxe4 fxe4 29. Rb7 Re7 30. Rxe7 Qxe7 31. Re1 e3 32. Rf1 e2 0-1


[Site "https://www.chess.com"]

[Event "Titled Tuesday Blitz March 28 Early 2023"]
[White "Fabris, Alberto"]
[Black "Manukyan, Artyom"]
[WhiteFideId "801348"]
[BlackFideId "13305786"]
[WhiteElo "2209"]
[BlackElo "2078"]
[Result "0-1"]
[Round "03"]
[TimeControl "180+2"]
[Date "2023.03.28"]
[WhiteClock "0:00:04"]
[BlackClock "0:00:48"]

1. e4 e6 2. d4 d5 3. Nc3 Nf6 4. Bg5 h6 5. Bxf6 Qxf6 6. e5 Qd8 7. Nf3 c5 8. Be2 Nc6 9. Nb5 a6 10. Nd6+ Bxd6 11. exd6 Qxd6 12. dxc5 Qxc5 13. O-O O-O 14. c3 e5 15. Re1 Bg4 16. h3 Bh5 17. Qd2 Rfe8 18. Rad1 Rad8 19. g4 Bg6 20. Nh4 Bh7 21. g5 hxg5 22. Qxg5 e4 23. Bg4 Ne5 24. Nf5 Bxf5 25. Qxf5 Nd3 26. Re3 Re5 27. b4 Qd6 28. Qxe5 Nxe5 29. Rxe4 Nxg4 30. Rxg4 Qe5 31. Rgd4 Rd6 32. Kf1 b5 33. a3 Qh2 34. R1d3 Re6 35. Re3 Rxe3 36. fxe3 Qxh3+ 37. Ke2 Qh2+ 38. Kd3 Qa2 39. e4 dxe4+ 40. Rxe4 g6 0-1


[Site "https://www.chess.com"]

[Event "Titled Tuesday Blitz March 28 Early 2023"]
[White "Prabhu, Naveen"]
[Black "Larina, Maria"]
[WhiteFideId "30939372"]
[BlackFideId "24113182"]
[WhiteElo "2090"]
[BlackElo "1848"]
[Result "1/2-1/2"]
[Round "03"]
[TimeControl "180+2"]
[Date "2023.03.28"]
[WhiteClock "0:00:04"]
[BlackClock "0:00:11"]

1. e4 c6 2. d4 d5 3. e5 Bf5 4. h4 h5 5. Bg5 Qb6 6. b3 e6 7. Nf3 c5 8. Bd3 Bg4 9. Nbd2 cxd4 10. a3 Nc6 11. Qb1 f6 12. Bg6+ Kd7 13. Bf4 Nge7 14. Bd3 Nf5 15. b4 Qc7 16. Bxf5 Bxf5 17. b5 Nxe5 18. Nxd4 Bg6 19. Bg3 Bd6 20. O-O Qc3 21. N2f3 Nxf3+ 22. Nxf3 Bxg3 23. fxg3 Qxc2 24. Qb4 Qc7 25. Rac1 Qd6 26. Qa4 Rhc8 27. b6+ Ke7 28. Rxc8 Rxc8 29. bxa7 Ra8 30. Rc1 Qb6+ 31. Kh2 Rxa7 32. Rc7+ Qxc7 33. Qxa7 Be4 34. Qa4 Bxf3 35. gxf3 Qc6 36. Qb4+ Kf7 37. Kh3 e5 38. Qd2 d4 39. Qd3 Qe6+ 40. Kg2 Qd5 41. Kf2 b5 42. Kg2 Qc4 43. Qe4 Qc7 44. Qf5 Qd6 45. Qxh5+ Ke7 46. Qf5 Qe6 47. Qd3 Qd5 48. Qd2 Qc4 49. Kf2 Qc5 50. Qd3 Qc4 51. Ke2 Qxd3+ 52. Kxd3 Kd6 53. g4 Ke6 54. h5 Ke7 55. Ke4 Ke6 56. Kd3 Kd5 57. Kd2 Kc5 58. Kd3 b4 59. axb4+ Kxb4 60. f4 exf4 61. Kxd4 f3 62. Ke3 f2 63. Kxf2 Kc5 64. Kf3 Kd6 65. Kf4 Ke6 66. Ke4 Kf7 67. Kf5 Kg8 68. Kg6 Kf8 69. h6 gxh6 70. Kxh6 Kf7 71. Kh7 Ke6 72. Kg6 Ke5 73. Kf7 Kf4 74. Kxf6 Kxg4 1/2-1/2


[Site "https://www.chess.com"]

[Event "Titled Tuesday Blitz March 28 Early 2023"]
[White "Kokoszczynski, Jan"]
[Black "Tagliata"]
[WhiteFideId "1174460"]
[WhiteElo "2139"]
[BlackElo "2199"]
[Result "1-0"]
[Round "03"]
[TimeControl "180+2"]
[Date "2023.03.28"]
[WhiteClock "0:00:06"]
[BlackClock "0:00:10"]

1. c4 e5 2. Nc3 Nf6 3. Nf3 Nc6 4. e4 a6 5. d4 exd4 6. Nxd4 Bb4 7. Nxc6 bxc6 8. Bd3 O-O 9. O-O d6 10. Bg5 h6 11. Bh4 Re8 12. Rc1 c5 13. Nd5 g5 14. Bg3 Nxd5 15. exd5 Qf6 16. Qc2 h5 17. f3 Kg7 18. Bf2 Bd7 19. Rb1 Rab8 20. Be4 Ba5 21. a3 Qe5 22. Rfd1 g4 23. Kh1 f5 24. Bd3 f4 25. Be4 g3 26. Bg1 Qg5 27. h3 Qh4 28. Bf5 Rbd8 29. b4 cxb4 30. Bd4+ Kf8 31. Bxd7 Rxd7 32. axb4 Bb6 33. c5 Ba7 34. c6 Rf7 35. Bxa7 Rfe7 36. Qf5+ Kg8 37. Bd4 Rf7 38. Qg6+ Kf8 39. Re1 Rxe1+ 40. Rxe1 Re7 41. Bg7+ Kg8 42. Bf6+ Rg7 43. Re8# 1-0


[Site "https://www.chess.com"]

[Event "Titled Tuesday Blitz March 28 Early 2023"]
[White "Mogirzan, Matei-Valeriu"]
[Black "salgadoLO"]
[WhiteFideId "1257455"]
[WhiteElo "1733"]
[BlackElo "2199"]
[Result "0-1"]
[Round "03"]
[TimeControl "180+2"]
[Date "2023.03.28"]
[WhiteClock "0:00:55"]
[BlackClock "0:01:36"]

1. e4 c5 2. Nf3 e6 3. d4 cxd4 4. Nxd4 Nc6 5. Nc3 Qc7 6. a3 a6 7. f4 b5 8. Be3 Bb7 9. Be2 Rc8 10. O-O Nxd4 11. Bxd4 Bc5 12. Kh1 Nf6 13. Be5 d6 14. Bxd6 Qxd6 15. e5 Qxd1 16. Raxd1 Ne4 17. Bf3 Nxc3 18. Bxb7 Nxd1 0-1


[Site "https://www.chess.com"]

[Event "Titled Tuesday Blitz March 28 Early 2023"]
[White "Napoli, Nicolo"]
[Black "Zacurdajev, Dmitry"]
[WhiteFideId "813702"]
[BlackFideId "4196309"]
[WhiteElo "2308"]
[BlackElo "2179"]
[Result "0-1"]
[Round "03"]
[TimeControl "180+2"]
[Date "2023.03.28"]
[WhiteClock "0:00:06"]
[BlackClock "0:00:16"]

1. e4 c6 2. d4 d5 3. Nc3 dxe4 4. Nxe4 Nf6 5. Nxf6+ exf6 6. c3 Bd6 7. Bd3 Na6 8. Ne2 Nc7 9. Qc2 h5 10. O-O Be6 11. Nf4 Bxf4 12. Bxf4 Nd5 13. Qd2 h4 14. g3 g5 15. Be3 Qd7 16. Be4 O-O-O 17. a4 Rde8 18. Rfe1 Bh3 19. Bh1 Qe6 20. Bxg5 Qf5 21. Bxh4 Rxe1+ 22. Rxe1 Rxh4 23. c4 Nc7 24. Qe2 Rxd4 25. Qe7 Qd7 26. Qf8+ Qd8 27. Qxf7 Rd1 28. Qh5 Rxe1# 0-1


[Site "https://www.chess.com"]

[Event "Titled Tuesday Blitz March 28 Early 2023"]
[White "Vaglio Munoz, Jaime"]
[Black "Hartikainen, Jarmo"]
[WhiteFideId "6500145"]
[BlackFideId "503134"]
[WhiteElo "2199"]
[BlackElo "2181"]
[Result "1-0"]
[Round "03"]
[TimeControl "180+2"]
[Date "2023.03.28"]
[WhiteClock "0:00:44"]
[BlackClock "0:00:02"]

1. Nf3 Nf6 2. c4 c5 3. b3 g6 4. Bb2 Bg7 5. g4 h6 6. h3 Nc6 7. Bg2 d6 8. d3 e5 9. Nc3 Be6 10. Nd2 Qd7 11. e3 O-O 12. Nde4 Nxe4 13. dxe4 a6 14. Qd2 Rad8 15. Rd1 f5 16. exf5 gxf5 17. gxf5 Bxf5 18. Rg1 Nb4 19. Ne4 Kh8 20. a3 Nc6 21. Nxd6 Bxh3 22. Bxh3 Qxh3 23. Qd5 Qh2 24. Qg2 Qxg2 25. Rxg2 Rf6 26. Ne4 Rff8 27. Nxc5 Rxd1+ 28. Kxd1 b5 29. Ne6 Rf7 30. Nxg7 Rxg7 31. Rxg7 Kxg7 32. f4 Kf6 33. cxb5 axb5 34. a4 bxa4 35. bxa4 h5 36. Ke2 Kf5 37. fxe5 h4 38. Kf3 h3 39. Kg3 Ke4 40. e6 Kxe3 41. a5 Ke4 42. a6 Kd5 43. e7 Nxe7 44. a7 Nf5+ 45. Kf4 1-0


[Site "https://www.chess.com"]

[Event "Titled Tuesday Blitz March 28 Early 2023"]
[White "Balla, Tamas-Kristof"]
[Black "Sankalan Shah"]
[WhiteFideId "1208497"]
[BlackFideId "25600362"]
[WhiteElo "2334"]
[BlackElo "2118"]
[Result "0-1"]
[Round "03"]
[TimeControl "180+2"]
[Date "2023.03.28"]
[WhiteClock "0:00:06"]
[BlackClock "0:01:18"]

1. e4 e5 2. Nf3 Nc6 3. d4 exd4 4. Nxd4 Bc5 5. Nb3 Bb6 6. Nc3 d6 7. Qe2 Qf6 8. Be3 Nge7 9. O-O-O Be6 10. g3 Ne5 11. Bg2 Bg4 12. Qb5+ c6 13. Qa4 Bxe3+ 14. fxe3 Bxd1 15. Rxd1 O-O 16. Nd4 b5 17. Qa6 Qh6 18. Nf5 Nxf5 19. exf5 Qxe3+ 20. Kb1 d5 21. f6 g6 22. Qa3 a5 23. Qe7 Rae8 24. Qb7 b4 25. Nxd5 cxd5 26. Bxd5 Qf2 27. Qa6 Ng4 28. Rc1 Qxf6 29. Qxa5 Re5 0-1


[Site "https://www.chess.com"]

[Event "Titled Tuesday Blitz March 28 Early 2023"]
[White "Ramirez, Maria Eugenia"]
[Black "Balague Camps, Marc"]
[WhiteFideId "3301680"]
[BlackFideId "2297914"]
[WhiteElo "1842"]
[BlackElo "2089"]
[Result "1/2-1/2"]
[Round "03"]
[TimeControl "180+2"]
[Date "2023.03.28"]
[WhiteClock "0:00:32"]
[BlackClock "0:01:06"]

1. e4 c5 2. c3 Nf6 3. e5 Nd5 4. g3 Qc7 5. Nf3 Nc6 6. Qe2 e6 7. Bg2 d6 8. exd6 Bxd6 9. O-O O-O 10. d3 b6 11. Nbd2 Bb7 12. Ne4 Be7 13. c4 Nf6 14. Bd2 Rad8 15. Bc3 e5 16. Rfe1 Rfe8 17. a3 h6 18. Rad1 Nd4 19. Bxd4 cxd4 20. Ned2 e4 21. Nxe4 Nxe4 22. dxe4 a5 23. Qd3 Ba6 24. Nxd4 Bc5 25. Qc3 Bxd4 26. Rxd4 Rxd4 27. Qxd4 Rd8 28. Qc3 Qxc4 29. Qxc4 Bxc4 30. Rc1 b5 31. Bf1 Bxf1 32. Kxf1 Rd2 33. Rb1 Kf8 34. Ke1 Rc2 35. h3 Ke7 36. b4 a4 37. Rd1 Rc3 38. Rd5 Rxa3 39. Rxb5 Ra2 40. Ra5 Kf6 41. f4 g5 42. Ra6+ Kg7 43. f5 a3 44. b5 Rb2 45. Rxa3 Rxb5 46. Re3 Kf6 47. Kf2 Ke5 48. Kf3 h5 49. Rc3 Ra5 50. h4 f6 51. hxg5 fxg5 52. Ke3 Rb5 53. Kf3 Ra5 54. Ke3 h4 55. gxh4 gxh4 56. Kf3 h3 57. Kg3 Kxe4 58. Kxh3 Rxf5 59. Rg3 Rf3 60. Rxf3 Kxf3 1/2-1/2


[Site "https://www.chess.com"]

[Event "Titled Tuesday Blitz March 28 Early 2023"]
[White "Kornyukov, Alexey"]
[Black "Harriott, Tyrell"]
[WhiteFideId "4150457"]
[BlackFideId "2086484"]
[WhiteElo "2352"]
[BlackElo "2107"]
[Result "0-1"]
[Round "03"]
[TimeControl "180+2"]
[Date "2023.03.28"]
[WhiteClock "0:01:30"]
[BlackClock "0:02:14"]

1. e4 e6 2. d4 b6 3. Nf3 Bb7 4. Nc3 Bb4 5. Bd3 Nf6 6. Bg5 h6 7. Bxf6 Qxf6 8. O-O g5 9. e5 Qg7 10. Ne4 Be7 11. Ng3 h5 12. Be4 Nc6 13. d5 exd5 14. Bxd5 O-O-O 15. Nf5 Qf8 16. N3d4 Bc5 17. Nxc6 dxc6 0-1


[Site "https://www.chess.com"]

[Event "Titled Tuesday Blitz March 28 Early 2023"]
[White "Sanchez, Robert"]
[Black "Pasti, Aron"]
[WhiteFideId "2034360"]
[BlackFideId "785857"]
[WhiteElo "2145"]
[BlackElo "2173"]
[Result "0-1"]
[Round "03"]
[TimeControl "180+2"]
[Date "2023.03.28"]
[WhiteClock "0:01:49"]
[BlackClock "0:02:04"]

1. e4 e5 2. Nf3 Nc6 3. Bb5 a6 4. Ba4 Nf6 5. d3 b5 6. Bb3 Be7 7. O-O d6 8. c3 Bg4 9. Re1 O-O 10. Nbd2 Re8 11. Nf1 Bf8 12. Ng3 d5 13. exd5 Nxd5 14. h3 Bc8 15. Ng5 h6 16. Nxf7 Kxf7 17. Qf3+ Ke6 18. d4 a5 19. Bf4 Bb7 20. Bxe5 0-1


[Site "https://www.chess.com"]

[Event "Titled Tuesday Blitz March 28 Early 2023"]
[White "Tarnowska, Aleksandra"]
[Black "Leve, Nitai"]
[WhiteFideId "1180967"]
[BlackFideId "2006898"]
[WhiteElo "1776"]
[BlackElo "2144"]
[Result "0-1"]
[Round "03"]
[TimeControl "180+2"]
[Date "2023.03.28"]
[WhiteClock "0:00:01"]
[BlackClock "0:00:13"]

1. e4 e6 2. d4 d5 3. Nd2 Nf6 4. e5 Nfd7 5. Bd3 c5 6. c3 Nc6 7. Ne2 cxd4 8. cxd4 f6 9. exf6 Nxf6 10. O-O Qc7 11. Nf3 Bd6 12. Bg5 O-O 13. Rc1 Nh5 14. Ng3 Nxg3 15. fxg3 h6 16. Be3 Bd7 17. Bb1 Be8 18. Qc2 g5 19. Ne5 Rxf1+ 20. Rxf1 Nxe5 21. dxe5 Qxc2 22. Bxc2 Bxe5 23. b3 Rc8 24. Bd3 Rc3 25. Rd1 Bh5 26. Rd2 d4 27. Bf2 a5 28. h3 Rc1+ 29. Kh2 Rd1 30. Rxd1 Bxd1 31. Bc4 Kf7 32. Kg1 Ke7 33. Kf1 a4 34. Ke1 Bc2 35. Kd2 axb3 36. axb3 Bg6 37. h4 Kd6 38. hxg5 hxg5 39. Be2 Kc5 40. Bf3 b5 41. Be1 Kb4 42. Bd1 d3 43. Bf2 Bc3+ 44. Ke3 Ka3 45. g4 Kb2 46. Bg3 Kc1 47. Bf3 Bd2+ 48. Kd4 Bf4 49. Be1 d2 50. Bxd2+ Kxd2 0-1


[Site "https://www.chess.com"]

[Event "Titled Tuesday Blitz March 28 Early 2023"]
[White "Tymrakiewicz, Rafal"]
[Black "dDobravcan"]
[WhiteFideId "1108832"]
[WhiteElo "2151"]
[BlackElo "2138"]
[Result "1-0"]
[Round "03"]
[TimeControl "180+2"]
[Date "2023.03.28"]
[WhiteClock "0:00:56"]
[BlackClock "0:00:03"]

1. e4 d6 2. d4 Nf6 3. Nc3 c6 4. g3 Qc7 5. Bg2 e5 6. Nge2 Be7 7. O-O Nbd7 8. h3 h6 9. Be3 g5 10. Qd2 Nf8 11. Rad1 Ng6 12. Rfe1 Rg8 13. a4 Nf4 14. g4 h5 15. f3 hxg4 16. hxg4 Bxg4 17. fxg4 Nxg4 18. Ng3 exd4 19. Bxd4 O-O-O 20. Nf5 Bf8 21. a5 Kb8 22. a6 b6 23. b4 d5 24. e5 c5 25. bxc5 bxc5 26. Rb1+ Kc8 27. Nb5 Qd7 28. Nfd6+ Bxd6 29. Nxd6+ Kc7 30. Qa5+ Kc6 31. Qb5+ Kc7 32. Qxc5+ Qc6 33. Rb7# 1-0


[Site "https://www.chess.com"]

[Event "Titled Tuesday Blitz March 28 Early 2023"]
[White "Chemin, Justo Reinaldo"]
[Black "Tarasova, Viktoriya"]
[WhiteFideId "2101580"]
[BlackFideId "4175840"]
[WhiteElo "1940"]
[BlackElo "2182"]
[Result "0-1"]
[Round "03"]
[TimeControl "180+2"]
[Date "2023.03.28"]
[WhiteClock "0:00:06"]
[BlackClock "0:00:50"]

1. d4 Nf6 2. Nf3 e6 3. Bf4 d5 4. e3 c5 5. Nbd2 Bd6 6. Bg3 Qc7 7. c3 Nbd7 8. Bd3 b6 9. Qe2 Bb7 10. O-O O-O 11. Rfe1 Ne4 12. Bxe4 dxe4 13. Ng5 Nf6 14. dxc5 Qxc5 15. Bxd6 Qxd6 16. Rad1 Qc5 17. Nh3 Rfd8 18. Nb3 Qc7 19. Nd4 Bd5 20. a3 Bc4 21. Qc2 g6 22. Rd2 Rd7 23. Red1 Rad8 24. b3 Bd3 25. Qb2 b5 26. Nf4 e5 27. Nxd3 exd4 28. cxd4 exd3 29. Rxd3 Rc8 30. h3 Nd5 31. e4 Nf4 32. R3d2 Qc3 33. d5 Qxb2 34. Rxb2 Rc3 35. Rd4 Nd3 36. Rd2 Nc5 37. e5 Nxb3 38. e6 fxe6 39. R2d3 Nxd4 40. Rxd4 Rxd5 0-1


[Site "https://www.chess.com"]

[Event "Titled Tuesday Blitz March 28 Early 2023"]
[White "Levine, David"]
[Black "Meunier-Pion, Jean"]
[WhiteFideId "2011611"]
[BlackFideId "20685327"]
[WhiteElo "2111"]
[BlackElo "2124"]
[Result "0-1"]
[Round "03"]
[TimeControl "180+2"]
[Date "2023.03.28"]
[WhiteClock "0:00:21"]
[BlackClock "0:00:29"]

1. d4 d5 2. c4 c6 3. Nf3 Nf6 4. Nc3 a6 5. cxd5 cxd5 6. Bf4 Nc6 7. e3 Bf5 8. Bd3 Bxd3 9. Qxd3 e6 10. h3 Bd6 11. O-O Bxf4 12. exf4 O-O 13. Ne5 Rc8 14. f5 exf5 15. Nxc6 bxc6 16. Qxf5 Qb6 17. Qd3 Qxb2 18. Rab1 Qa3 19. Rb3 Qa5 20. Rfb1 c5 21. dxc5 Rxc5 22. Ne2 Ne4 23. Ra3 Qc7 24. Qxa6 h6 25. Qd3 Rd8 26. Nd4 Qf4 27. Nf3 Rc1+ 28. Rxc1 Qxc1+ 29. Kh2 Nxf2 30. Qe3 Qh1+ 31. Kg3 Ne4+ 32. Kh4 Qxg2 33. Qf4 g5+ 34. Nxg5 hxg5+ 0-1


[Site "https://www.chess.com"]